 Dungeon Crawl Stone Soup version 0.27-a0-279-gdfb9265905 (webtiles) character file.

Game seed: 16215505180901177219

50 runemasterragnar the Ducker (level 3, -2/26 HPs)
             Began as an Octopode Fighter on Feb 7, 2021.
             Slain by a gnoll
             ... wielding a +0 spear
              (10 damage)
             ... on level 2 of the Dungeon.
             The game lasted 00:01:01 (952 turns).

runemasterragnar the Ducker (Octopode Fighter)       Turns: 952, Time: 00:01:01

Health: -2/26      AC:  1    Str: 15    XL:     3   Next: 79%
Magic:  3/3        EV: 11    Int: 11    God:
Gold:   72         SH:  8    Dex: 11    Spells: 2/2 levels left

rFire    . . .     SeeInvis .   a - +0 long sword
rCold    . . .     Faith    .   b - +0 kite shield
rNeg     . . .     Spirit   .   (helmet restricted)
rPois    .         Reflect  .   (no amulet)
rElec    .         Harm     .   (no ring)
rCorr    .         Rampage  .   (no ring)
Will     .....                  (no ring)
Stlth    +++.......             (no ring)
HPRegen  0.08/turn              (no ring)
MPRegen  0.08/turn              (no ring)
                                (no ring)
                                (no ring)

@: no status effects
A: almost no armour, stealthy swim, amphibious, 8 rings, constrict 8, camouflage
1, gelatinous body 1
a: no special abilities


You were on level 2 of the Dungeon.
You visited 1 branch of the dungeon, and saw 2 of its levels.

You collected 72 gold pieces.

Inventory:

Hand Weapons
 a - a +0 long sword (weapon)
Missiles
 d - 8 poisoned darts (quivered)
Armour
 b - a +0 kite shield (worn)
Scrolls
 f - a scroll of teleportation {unknown}
 g - a scroll of identify {unknown}
Potions
 c - a potion of might
 e - a potion of heal wounds {unknown}
 h - a potion of magic {unknown}


   Skills:
 + Level 3.2 Fighting
 * Level 2.7 Long Blades
 + Level 0.2 Throwing
 + Level 3.3 Dodging
 + Level 1.2 Stealth
 + Level 3.1 Shields
 + Level 1.0 Unarmed Combat


You had 2 spell levels left.
You didn't know any spells.
Your spell library was empty.

Dungeon Overview and Level Annotations

Branches:
Dungeon (2/15)

Altars:


Innate Abilities, Weirdness & Mutations

You cannot wear most types of armour.
You are very stealthy in the water. (Stealth+)
You are amphibious.
You can wear up to eight rings at the same time.
You can use your tentacles to constrict eight enemies at once.
Your skin changes colour to match your surroundings (Stealth+).
Your rubbery body absorbs attacks. (AC +1, EV +1)


Message History

Aim: a gnoll, wielding a +0 club (60% to hit)
You throw a poisoned dart.
The poisoned dart barely misses the gnoll.
The poisoned dart hits the gnoll.
The gnoll is poisoned.
The gnoll closely misses you.
Unknown command.
Throw: 9 darts (poison)
Press: ? - help, Q - select action Shift-Dir - straight line, f/p - gnoll
Aim: a gnoll, wielding a +0 club (60% to hit)
You throw a poisoned dart. The poisoned dart hits the gnoll.
The gnoll is poisoned.
The gnoll hits you with a +0 club.
The gnoll hits you from afar with a +0 spear.
The gnoll misses you.
You hit the gnoll. Your grab misses the gnoll.
The gnoll is lightly wounded.
The gnoll hits you from afar with a +0 spear!
You block the gnoll's attack. The gnoll barely misses you.
The gnoll hits you from afar with a +0 spear!
You die...

##..#...#..##.#
#####.....###..#
..##..............##
..........♣.........
##.#.....(........#
.....###g.÷g.###
#..###.g#...#'.## #.
#g..#...#.÷.# #
#@.##...##.<#
####.[..##### ##...#
##..# #..#


You could see 3 gnolls.

Vanquished Creatures
  A gnoll (D:2)
  An ooze (D:1)
  A dart slug (D:1)
  A ball python (D:1)
  6 bats (D:1)
  3 hobgoblins (D:1)
  2 frilled lizards
  10 goblins (D:1)
  5 kobolds (D:1)
  2 rats (D:1)
32 creatures vanquished.

Notes
Turn   | Place    | Note
-------+----------+-------------------------------------------
     0 | D:1      | runemasterragnar the Octopode Fighter began the quest for
                  | the Orb.
     0 | D:1      | Reached XP level 1. HP: 16/16 MP: 1/1
    45 | D:1      | Reached XP level 2. HP: 12/21 MP: 2/2
   517 | D:1      | Reached skill level 1 in Stealth
   517 | D:1      | Reached XP level 3. HP: 26/26 MP: 3/3
   716 | D:2      | Reached skill level 1 in Unarmed Combat
   952 | D:2      | Slain by a gnoll

Illustrated notes

Levels and vault maps discovered:
D:1:      minmay_arrival_radiant_lines, layout_basic, minmay_misc_feat_hallway
D:2:      layout_basic, general_overflow_altar, roderic_lattice_a,
          grunt_ministairs_6, minmay_close_crescents

Skill      XL: |  1  2  3 |
---------------+----------+-----
Stealth        | 1 |  1.2
Unarmed Combat | 1 |  1.0
Fighting       | |  3.2
Long Blades    | |  2.7
Throwing       | |  0.2
Dodging        | |  3.3
Shields        | |  3.1

Action                   || total
-------------------------++-------
Melee: Long sword        ||    43
       Tentacles         ||    11
       Constrict         ||    10
       Punch             ||     1
Throw: Dart              ||     4
 Stab: Sleeping          ||     6
Armor: Skin              ||     3
Dodge: Dodged            ||    21
Block: Kite shield       ||    18
       Rpst.: Long sword ||     5

Table legend: (Time is in decaauts)
 A = Elapsed time spent in this place.
 B = Non-inter-level travel time spent in this place.
 C = Inter-level travel time spent in this place.
 D = Time resting spent in this place.
 E = Time spent auto-exploring this place.
 F = Levels seen in this place.
 G = Mean time per level.
                   A        B        C        D        E       F      G
               +--------+--------+--------+--------+--------+-----+--------+
         Total |    976 |    976 |      0 |    185 |    590 |   2 |  488.0 |
       Dungeon |    976 |    976 |      0 |    185 |    590 |   2 |  488.0 |
               +--------+--------+--------+--------+--------+-----+--------+

Top non-repeatable levels by time:
     D:1: 939 daAuts
     D:2: 36 daAuts
